 Dungeon Crawl Stone Soup version 0.29.1-1-gd02db6906a (webtiles) character file.

Game seed: 1996177841900951735

383884 LustLizard the Slayer (level 21, -4/201 (204) HPs)
             Began as a Demonspawn Fighter on Oct 5, 2022.
             Was the Champion of Okawaru.
             Slain by a deep troll (26 damage)
             ... on level 3 of the Depths.
             The game lasted 02:27:56 (52479 turns).

LustLizard the Slayer (Demonspawn Fighter)         Turns: 52479, Time: 02:27:57

HP:   -4/201 (204)  AC: 42    Str: 23    XL:     21   Next: 95%
MP:   28/28         EV: 14    Int: 12    God:    Okawaru [******]
Gold: 3732          SH: 34    Dex: 23    Spells: 18/20 levels left

rFire   + + +      SeeInvis +   B - +11 Maxwell's thermic engine {flame, freeze}
rCold   . . .      Faith    .   d - +0 tower shield of Suemej {Str+3}
rNeg    . . .      Spirit   .   x - +6 crystal plate armour "Nuiviukk" {rF+ Stlth+}
rPois   +          Reflect  +   (helmet unavailable)
rElec   .          Harm     .   E - +1 cloak of Dogmatism {Contam Drain rPois Slay+6}
rCorr   +          Rampage  .   a - +2 pair of gloves "Pergh" {rF+}
Will    ++++.      Clarity  +   l - +1 pair of boots "Dieleyqu" {rF++ rC- Will+++ Regen+ Dex+3}
Stlth   ..........              D - amulet of Etsiasm {Reflect rF+++ rC+ SH+5 Stlth+}
HPRegen 1.23/turn               C - +4 ring of evasion
MPRegen 0.21/turn               O - ring "Veifylut" {rPois rCorr Str+2}

@: about to teleport, lightly drained, invisible
A: antennae 3, rugged brown scales 3, (demonic guardian 2), icemail 1,
augmentation 1, condensation shield, large bone plates 1, clarity, deterioration
1, MP-powered wands
}: 2/15 runes: decaying, serpentine
a: Renounce Religion, Heroism, Finesse, Duel


You were on level 3 of the Depths.
You worshipped Okawaru.
Okawaru was exalted by your worship.
You visited 9 branches of the dungeon, and saw 41 of its levels.
You visited 1 bazaar.
You also visited: Bailey and Wizlab.

You collected 6232 gold pieces.
You spent 2500 gold pieces at shops.

Inventory:

Hand Weapons
 B - the +11 Maxwell's thermic engine (weapon) {flame, freeze}
   (You bought it in a shop in a bazaar)

   It burns those it strikes, dealing additional fire damage.
   Big, fiery blades are also staple armaments of hydra-hunters.
   It freezes those it strikes, dealing additional cold damage.
   It can also slow down cold-blooded creatures.
   It becomes more effective when it hits something.
   This effect fades over time.
Missiles
 n - 13 curare-tipped darts
 F - 43 poisoned darts
 L - 13 javelins
 R - 6 throwing nets
 T - 22 boomerangs
Armour
 a - the +2 pair of gloves "Pergh" (worn) {rF+}
   (You acquired it on level 4 of the Lair of Beasts)

   rF:        It protects you from fire.
 c - the +9 shadow dragon scales of Okawaru's Delight {rElec rC+ Dex-3 Stlth++++}
   (Okawaru gifted it to you on level 2 of the Depths)

   Dex:       It affects your dexterity (-3).
   rC:        It protects you from cold.
   rElec:     It insulates you from electricity.
   Stlth:     It makes you much more stealthy.
 d - the +0 tower shield of Suemej (worn) {Str+3}
   (Okawaru gifted it to you on level 1 of the Elven Halls)

   Str:       It affects your strength (+3).
 i - +2 ice dragon scales
 l - the +1 pair of boots "Dieleyqu" (worn) {rF++ rC- Will+++ Regen+ Dex+3}
   (Okawaru gifted it to you on level 4 of the Snake Pit)

   Dex:       It affects your dexterity (+3).
   rF:        It greatly protects you from fire.
   rC:        It makes you vulnerable to cold.
   Regen:     It increases your rate of health regeneration.
   Will:      It greatly increases your willpower.
 x - the +6 crystal plate armour "Nuiviukk" (worn) {rF+ Stlth+}
   (Okawaru gifted it to you on level 2 of the Snake Pit)

   rF:        It protects you from fire.
   Stlth:     It makes you more stealthy.
 E - the +1 cloak of Dogmatism (worn) {Contam Drain rPois Slay+6}
   (Okawaru gifted it to you on level 2 of the Orcish Mines)

   Slay:      It affects your accuracy & damage with ranged weapons and melee
   (+6).
   rPois:     It protects you from poison.
   Contam:    It causes magical contamination when unequipped.
   Drain:     It drains your maximum health when unequipped.
 W - the +7 Kryia's mail coat {PotionHeal*2 rC+}
   (Okawaru gifted it to you on level 3 of the Lair of Beasts)

   Potions are twice as effective at healing its wearer.
   rC:        It protects you from cold.
Jewellery
 h - the amulet "Gishroze" {Faith rElec Will+ Str-3 Int+4}
   (You acquired it on level 2 of the Orcish Mines)

   [amulet of faith]

   It allows you to gain divine favour quickly.
   Str:       It affects your strength (-3).
   Int:       It affects your intelligence (+4).
   rElec:     It insulates you from electricity.
   Will:      It increases your willpower.
 C - a +4 ring of evasion (left hand)
 D - the amulet of Etsiasm (around neck) {Reflect rF+++ rC+ SH+5 Stlth+}
   (You acquired it on level 2 of the Swamp)

   [amulet of reflection]

   It reflects blocked missile attacks.
   rF:        It renders you almost immune to fire.
   rC:        It protects you from cold.
   SH:        It affects your SH (+5).
   Stlth:     It makes you more stealthy.
 K - a ring of protection from cold
 O - the ring "Veifylut" (right hand) {rPois rCorr Str+2}
   (You found it on level 2 of the Swamp)

   [ring of resist corrosion]

   Str:       It affects your strength (+2).
   rPois:     It protects you from poison.
   rCorr:     It protects you from acid and corrosion.
 V - a ring of protection from fire
Wands
 b - a wand of mindburst (35)
 t - a wand of flame (32)
 M - a wand of digging (8) (quivered)
 N - a wand of quicksilver (16)
 Q - a wand of iceblast (23)
 U - a wand of polymorph (4)
Scrolls
 e - 20 scrolls of teleportation
 f - 3 scrolls of magic mapping
 p - 4 scrolls of fear
 q - 8 scrolls of butterflies
 u - 9 scrolls of poison
 w - 3 scrolls of brand weapon
 y - 3 scrolls of torment
 A - 3 scrolls of silence
 G - 2 scrolls of summoning
 S - 2 scrolls of blinking
Potions
 g - 27 potions of curing
 j - 9 potions of lignification
 k - 6 potions of haste
 m - 9 potions of heal wounds
 o - 6 potions of invisibility
 r - a potion of ambrosia
 v - 4 potions of mutation
 H - 8 potions of might
 I - 3 potions of cancellation
 J - 5 potions of resistance
 P - 3 potions of flight
 X - a potion of attraction
Miscellaneous
 s - a phial of floods
 Y - a lightning rod (4/4)
 Z - a condenser vane


   Skills:
 + Level 22.8 Fighting
 + Level 19.2 Long Blades
 - Level 4.0 Throwing
 + Level 10.8 Armour
 + Level 13.9 Dodging
 * Level 14.0 Shields
 - Level 4.0 Air Magic
 - Level 10.0 Invocations
 - Level 10.0 Evocations


You had 18 spell levels left.
You knew the following spells:

 Your Spells              Type           Power      Damage    Failure   Level
a - Poisonous Vapours     Pois/Air       8%         N/A       100%        2

Your spell library contained the following spells:

 Spells                   Type           Power      Damage    Failure   Level
 Beastly Appendage        Tmut           0%         N/A       100%        1
 Necrotise                Necr           0%         1d4       100%        1
 Wereblood                Tmut           0%         N/A       100%        2
 Gell's Gravitas          Tloc           0%         N/A       100%        3
 Lesser Beckoning         Tloc           0%         N/A       100%        3
 Ozocubu's Armour         Ice            0%         N/A       100%        3
 Portal Projectile        Hex/Tloc       0%         N/A       100%        3
 Spider Form              Tmut/Pois      0%         N/A       100%        3
 Teleport Other           Tloc           0%         N/A       100%        3
 Vampiric Draining        Necr           0%         2d6       100%        3
 Cause Fear               Hex            0%         N/A       100%        4
 Corpse Rot               Necr/Pois/Air  3%         N/A       100%        4
 Ice Form                 Ice/Tmut       0%         N/A       100%        4
 Leda's Liquefaction      Hex/Erth       0%         N/A       100%        4
 Olgreb's Toxic Radiance  Pois           0%         N/A       100%        4
 Petrify                  Tmut/Erth      0%         N/A       100%        4
 Agony                    Necr           0%         N/A       100%        5
 Blade Hands              Tmut           0%         N/A       100%        5
 Freezing Cloud           Conj/Ice/Air   1%         6-21      100%        5
 Metabolic Englaciation   Hex/Ice        0%         N/A       100%        5
 Eringya's Noxious Bog    Tmut/Pois      0%         N/A       100%        6
 Iron Shot                Conj/Erth      0%         9d1       100%        6
 Statue Form              Tmut/Erth      0%         N/A       100%        6
 Ozocubu's Refrigeration  Ice            0%         4d7       100%        7
 Ignition                 Fire           0%         3d3       100%        8
 Polar Vortex             Ice            0%         N/A       100%        9
 Call Canine Familiar     Summ           Unusable   N/A       N/A         3
 Animate Armour           Summ/Erth      Unusable   N/A       N/A         4
 Summon Forest            Summ/Tloc      Unusable   N/A       N/A         5
 Simulacrum               Ice/Necr       Unusable   N/A       N/A         6
 Summon Hydra             Summ           Unusable   N/A       N/A         7

Dungeon Overview and Level Annotations

Branches:
Dungeon (15/15)            Temple (1/1) D:4            Lair (5/5) D:8
  Swamp (4/4) Lair:3        Snake (4/4) Lair:2        Slime (0/5) Lair:5
    Orc (2/2) D:12            Elf (2/3) Orc:2        Vaults (4/5) D:14
  Crypt (0/3) Vaults:3     Depths (4/4) D:15         Bailey (visited)
 WizLab (visited)
    Zot: Depths:4

Altars:
Ashenzari
Cheibriados
Dithmenos
Fedhas
Gozag
Hepliaklqana
Kikubaaqudgha
Makhleb
Nemelex Xobeh
Okawaru
Qazlal
Ru
Sif Muna
Trog
Uskayaw
Vehumet
Wu Jian
Xom
Yredelemnul

Shops:
D:4 *   D:8 =   D:10 [   D:14 *   Orc:2 *[(:   Elf:2 *   Vaults:2 [

Portals:
Hell: Depths:2 Depths:3
Abyss: Depths:3
Pandemonium: Depths:2
Trove: Elf:2 (give +5 ice dragon scales)


Innate Abilities, Weirdness & Mutations

You have a pair of large antennae on your head. (SInv)
You are completely covered in rugged brown scales. (AC +3, +7% HP)
((A demonic guardian rushes to your aid.))
A meltable icy envelope protects you from harm. (AC +4)
Your magical and physical power is slightly enhanced at high health.
A meltable shield of frost defends you. (SH +4)
You are partially covered in large bone plates. (SH +4)
You possess an exceptional clarity of mind.
Your body sometimes deteriorates upon taking damage.
You expend magic power (3 MP) to strengthen your wands.


Message History

You block the deep troll's attack. x2; The deep troll misses you.
The deep troll bites you but does no damage.
You block the deep troll's attack.
The deep troll claws you but does no damage.
You slash the stone giant! You burn the stone giant.
You freeze the stone giant.
The stone giant is moderately wounded.
You block the deep troll's attack. x2; The deep troll closely misses you.
You block the deep troll's attack. The deep troll misses you.
The deep troll claws you.
* * * LOW HITPOINT WARNING * * *
The deep troll bites you but does no damage.
The deep troll closely misses you. You block the deep troll's attack.
You hit the deep troll. You burn the deep troll. You freeze the deep troll.
The deep troll is heavily wounded.
You block the deep troll's attack. The deep troll closely misses you.
You block the deep troll's attack. The deep troll completely misses you.
You block the deep troll's attack. The deep troll closely misses you.
You catch the helpless stone giant completely off-guard!
You slice the stone giant!! You burn the stone giant!
You freeze the stone giant.
The stone giant is severely wounded.
You block the deep troll's attack. x3; The deep troll barely misses you.
The deep troll claws you but does no damage. x2
The deep troll completely misses you. You block the deep troll's attack.
The deep troll claws you but does no damage.
You block the deep troll's attack. The deep troll barely misses you.
The deep troll claws you but does no damage.
You slash the deep troll! You burn the deep troll. You freeze the deep troll.
The deep troll is severely wounded.
You block the deep troll's attack. x3; The deep troll bites you!
* * * LOW HITPOINT WARNING * * *
You block the deep troll's attack. The deep troll claws you!
* * * LOW HITPOINT WARNING * * *
Unknown command.
As you read the scroll of teleportation, it crumbles to dust.
You feel strangely unstable. You block the deep troll's attack. x4
The deep troll claws you but does no damage.
The deep troll misses you. The deep troll bites you!!
You die...

.....~~≈~~......###############..
###......^......................#
...#..............###############
....#.........#####
#...#..........#
.∩..#........#####
..##..#......(?..#
.....#........[TC#
....#..........T@#
####...........T##
.................####
.........)..........#
....................#####
..................~..#..###
............~...~~)~......#
............~≈~~~~~..#..#.##
............~~≈≈~~..PPP.P..##


You could see a stone giant (unable to see you) and 3 deep trolls.

Vanquished Creatures
  A royal mummy (WizLab)
  Bai Suzhen (Swamp:3)
  Margery (Vaults:3)
  A tentacled monstrosity (Depths:2)
  A lich (Vaults:4)
  A quicksilver dragon (Depths:3)
  A deep elf blademaster (Elf:2)
  3 sphinxes
  2 thorn hunters
  A shadow dragon (Elf:1)
  3 tengu reavers
  2 storm dragons
  Kirke (Swamp:1)
  5 nagarajas
  6 frost giants
  2 deep elf sorcerers
  5 fire giants
  Louise (Depths:3)
  15 vault wardens
  A deep elf elementalist (Elf:1)
  5 orc warlords
  4 stone giants
  A war gargoyle (Vaults:4)
  29 very ugly things
  A reaper (Depths:2)
  26 slime creatures
  12 ironbound preservers
  Nessos (D:15)
  Azrael (Orc:2)
  12 ironbound thunderhulks
  An entropy weaver (Vaults:2)
  6 eleionomae
  2 deep elf demonologists (Elf:1)
  3 dire elephants (Vaults:1)
  A white draconian (Depths:4)
  5 bunyips
  Snorg (D:12)
  A deep elf death mage (Elf:1)
  2 merfolk impalers
  A mummy priest (WizLab)
  5 ettins
  2 deep elf high priests (Elf:1)
  5 yaktaur captains
  A crystal guardian (Vaults:4)
  2 shambling mangroves (Swamp:4)
  4 fire dragons
  Erolcha (D:13)
  13 great orbs of eyes
  6 boulder beetles
  9 vault guards
  4 ice dragons
  5 salamander tyrants
  2 spriggan air magi (Depths:3)
  2 peacekeepers (Vaults:4)
  An ogre mage (Vaults:3)
  Harold (Lair:1)
  A rakshasa (Depths:3)
  19 hydras
  5 ironbound frosthearts
  2 ghost crabs
  24 naga warriors
  9 centaur warriors
  Erica (D:11)
  9 anacondas
  4 deep troll earth magi
  7 alligators
  5 two-headed ogres
  24 dancing weapons
  A vampire mage (Depths:3)
  4 deep troll shamans
  8 death yaks (Lair:5)
  Urug (Orc:1)
  9 shock serpents
  4 tengu warriors
  3 hell hogs (Depths:3)
  A spriggan berserker (Depths:3)
  A storm dragon zombie (WizLab)
  8 naga sharpshooters
  13 deep elf knights
  3 salamander mystics
  10 hell knights
  3 iron trolls
  A sun demon (Depths:2)
  3 spark wasp zombies
  2 goliath frogs
  2 glowing orange brains
  22 deep trolls
  A death drake (shapeshifter) (Vaults:2)
  6 spriggan druids
  A harpy (shapeshifter) (D:15)
  8 swamp dragons
  8 naga ritualists
  A glowing orange brain (shapeshifter) (Depths:2)
  A tengu zombie (WizLab)
  6 orc knights
  5 wizards
  A spriggan simulacrum (Depths:3)
  11 deep elf archers
  5 bog bodies
  13 ironbound convokers
  14 lindwurms
  16 deep elf pyromancers
  Pikel (D:4)
  9 necromancers
  A sphinx zombie (WizLab)
  8 harpies
  10 mana vipers
  17 ugly things
  13 deep elf zephyrmancers
  7 orc sorcerers
  A fire giant zombie (WizLab)
  2 wolf spiders (Lair:5)
  2 stone giant zombies
  5 manticores
  A will-o-the-wisp (Swamp:4)
  2 tengu skeletons (Vaults:2)
  A human zombie (Vaults:4)
  A frost giant zombie (Depths:3)
  18 salamanders
  6 elephants
  5 cyclopes
  20 vault sentinels
  Maurice (D:11)
  A stone giant skeleton (Vaults:4)
  41 black mambas
  An elephant (shapeshifter) (Depths:2)
  4 guardian serpents
  2 rust devils (Depths:2)
  23 naga magi
  3 gargoyles
  A guardian serpent (shapeshifter) (D:14)
  2 demonspawn zombies (WizLab)
  A torpor snail (Lair:5)
  A water nymph (shapeshifter) (Depths:2)
  A yaktaur zombie (WizLab)
  10 cane toads
  5 rime drakes
  3 unseen horrors
  A kobold demonologist (D:9)
  2 freezing wraiths
  3 guardian mummies (WizLab)
  A tengu conjurer (D:13)
  40 yaktaurs
  11 komodo dragons
  A tyrant leech (shapeshifter) (Vaults:4)
  4 polar bears
  3 meliai (D:12)
  5 trolls
  17 hornets
  2 bloated husks
  12 tyrant leeches
  6 blink frogs
  2 ettin zombies
  A frost giant simulacrum (Depths:3)
  A human simulacrum (Vaults:2)
  3 air elementals
  A spriggan (shapeshifter) (D:14)
  3 shadows
  6 wyverns
  A vampire (D:13)
  5 humans
  28 spriggans
  2 wraiths (D:13)
  6 water elementals
  2 fire elementals
  45 yaks
  4 hogs (Swamp:1)
  2 redbacks (Vaults:2)
  A neqoxec (Depths:2)
  Grum (D:9)
  5 basilisks
  A hog (shapeshifter) (D:13)
  2 steam dragons
  17 vampire mosquitoes
  9 wargs
  Menkaure (D:7)
  18 swamp worms
  An acid dragon (shapeshifter) (D:15)
  42 nagas
  4 acid dragons
  4 glowing shapeshifter zombies
  Duvessa (D:4)
  17 water moccasins
  A floating eye (shapeshifter) (Vaults:3)
  An ogre skeleton (Vaults:4)
  2 glowing shapeshifter skeletons (Depths:3)
  A floating eye (Depths:3)
  2 hell hounds (Orc:2)
  52 orc warriors
  13 swamp drakes
  6 black bears
  An ice beast (D:6)
  3 sky beasts
  3 ettin simulacra (Depths:3)
  An ogre (shapeshifter) (D:14)
  14 boggarts
  10 ogres
  7 centaurs
  80 wolves
  2 lemures (D:4)
  2 necrophages
  2 kobold brigands
  A gnoll sergeant (D:12)
  18 bullfrogs
  4 earth elementals
  10 scorpions
  A glowing shapeshifter simulacrum (Vaults:4)
  16 wights
  Dowan (D:4)
  3 howler monkeys
  A kobold zombie (WizLab)
  Crazy Yiuf (D:6)
  2 hounds
  A gnoll bouda (D:5)
  30 orc priests
  Jessica (D:3)
  Ijyb (D:4)
  8 iguanas
  28 orc wizards
  18 gnolls
  12 adders
  A shadow imp (D:6)
  A white imp (D:7)
  A dart slug (D:1)
  114 orcs
  6 ball pythons
  6 endoplasms
  4 giant cockroaches
  20 goblins
  15 hobgoblins
  6 jackals (D:1)
  10 kobolds
  4 quokkas (D:2)
  9 bats
  2 frilled lizards
  4 rats
1675 creatures vanquished.

Vanquished Creatures (others)
  A deep elf knight (Elf:2)
  A naga ritualist (Snake:4)
  A wizard (D:5)
  A deep elf zephyrmancer (Elf:2)
  4 bloated husks
  A swamp worm (Swamp:1)
  An orc priest (D:12)
  2 foxfires (Swamp:4)
  101 fungi
  51 plants
164 creatures vanquished.

Grand Total: 1839 creatures vanquished

Notes
Turn   | Place    | Note
-------+----------+-------------------------------------------
     0 | D:1      | LustLizard the Demonspawn Fighter began the quest for the
                  | Orb.
     0 | D:1      | Reached XP level 1. HP: 18/18 MP: 1/1
   222 | D:1      | Gained mutation: A meltable shield of frost defends you.
                  | (SH +4) [demonic ancestry]
   222 | D:1      | Reached XP level 2. HP: 19/24 MP: 2/2
   807 | D:1      | Gained mutation: You have a pair of small antennae on your
                  | head. [demonic ancestry]
   807 | D:1      | Reached XP level 3. HP: 28/29 MP: 3/3
  1192 | D:2      | Reached skill level 1 in Dodging
  1382 | D:2      | Reached XP level 4. HP: 35/35 MP: 4/4
  1522 | D:2      | Found a faded altar of an unknown god.
  1768 | D:3      | Noticed Jessica
  1778 | D:3      | Killed Jessica
  1881 | D:3      | Noticed a bullfrog
  1890 | D:3      | Killed a bullfrog
  1891 | D:3      | Reached XP level 5. HP: 32/41 MP: 5/5
  2183 | D:3      | Identified the +2 sling of Risk Management {flame, rElec
                  | rF- Int+5}
  2239 | D:3      | Identified the +1 leather armour of the Armoured One {rN+
                  | Stlth+}
  2797 | D:4      | Found a basalt altar of Yredelemnul.
  3018 | D:4      | Noticed Ijyb
  3036 | D:4      | Killed Ijyb
  3037 | D:4      | Reached XP level 6. HP: 34/48 MP: 6/6
  3460 | D:4      | Noticed Duvessa
  3499 | D:4      | Noticed Dowan
  3515 | D:4      | Killed Duvessa
  3516 | D:4      | Reached skill level 4 in Fighting
  3525 | D:4      | Killed Dowan
  3896 | D:4      | Found a broken altar of Ashenzari.
  4033 | D:4      | Found a staircase to the Ecumenical Temple.
  4042 | Temple   | Entered the Ecumenical Temple
  4240 | D:4      | Found Palex's Mayhem Merchandise.
  4320 | D:5      | Entered Level 5 of the Dungeon
  4348 | D:5      | Gained mutation: A meltable icy envelope protects you from
                  | harm. (AC +4) [demonic ancestry]
  4348 | D:5      | Reached XP level 7. HP: 54/54 MP: 7/7
  4358 | D:5      | Identified the +5 leather armour of Osuimy {Rampage rC+
                  | rCorr Slay+3}
  4450 | D:5      | Found a bloodstained altar of Trog.
  4459 | D:5      | Noticed a wizard
  4461 | D:5      | Killed a wizard
  4509 | D:5      | Reached skill level 5 in Long Blades
  4574 | D:5      | Reached XP level 8. HP: 55/61 MP: 8/8
  4844 | D:5      | Noticed Pikel
  5005 | D:5      | Found a shimmering altar of Xom.
  5073 | D:4      | HP: 3/61 [Pikel/+2 whip of flaming (1)]
  5077 | D:4      | Killed Pikel
  5078 | D:4      | Reached skill level 5 in Fighting
  5629 | D:5      | Reached skill level 5 in Shields
  6227 | D:6      | Identified the +7 long sword of the Battered Invaders
                  | {elec, Contam rElec rPois Will-}
  6256 | D:6      | Gained mutation: You have a pair of antennae on your head.
                  | [demonic ancestry]
  6256 | D:6      | Reached XP level 9. HP: 69/69 MP: 9/9
  6276 | D:6      | Reached skill level 6 in Fighting
  6434 | D:6      | Reached skill level 5 in Dodging
  6474 | D:6      | Found a blossoming altar of Fedhas.
  6732 | D:6      | Found a runed translucent door.
  6733 | D:6      | Noticed Crazy Yiuf
  6737 | D:6      | Killed Crazy Yiuf
  6818 | D:7      | Found an opulent altar of Gozag.
  6818 | D:7      | Found a sparkling altar of Nemelex Xobeh.
  6873 | D:7      | Noticed Menkaure
  6876 | D:7      | Killed Menkaure
  6965 | D:7      | Found an ornate altar of the Wu Jian Council.
  7217 | D:7      | Found an iron altar of Okawaru.
  7225 | D:7      | Became a worshipper of Warmaster Okawaru
  7800 | D:7      | Reached skill level 7 in Fighting
  7803 | D:7      | Reached XP level 10. HP: 24/79 MP: 10/10
  7872 | D:7      | Reached * piety under Okawaru
  7944 | D:8      | Found a flagged portal.
  7958 | Bailey   | Entered a bailey
  8264 | Bailey   | Noticed an orc knight
  8439 | Bailey   | Killed an orc knight
  8439 | Bailey   | Reached ** piety under Okawaru
  8507 | Bailey   | Noticed an orc warlord
  8551 | Bailey   | Reached skill level 8 in Fighting
  8561 | Bailey   | Reached skill level 10 in Long Blades
  8786 | Bailey   | Killed an orc warlord
  8883 | Bailey   | Reached skill level 9 in Fighting
  8883 | Bailey   | Reached skill level 5 in Invocations
  8883 | Bailey   | Reached XP level 11. HP: 89/89 MP: 10/15
  9004 | D:8      | Found Cextytz's Jewellery Shoppe.
  9035 | D:8      | Reached *** piety under Okawaru
  9092 | D:8      | Found a staircase to the Lair.
  9219 | D:8      | Found a stormy altar of Qazlal.
  9219 | D:8      | Found an ancient bone altar of Kikubaaqudgha.
  9227 | D:8      | Found a radiant altar of Vehumet.
  9229 | D:8      | Found a hide-covered altar of Uskayaw.
  9231 | D:8      | Found a hazy altar of Hepliaklqana.
  9561 | D:9      | Gained mutation: You have a pair of large antennae on your
                  | head. (SInv) [demonic ancestry]
  9561 | D:9      | Reached XP level 12. HP: 97/97 MP: 16/16
  9571 | D:9      | Reached skill level 10 in Fighting
  9935 | D:9      | Noticed Grum
  9943 | D:9      | Killed Grum
  9947 | D:9      | Reached **** piety under Okawaru
 10131 | D:10     | Entered Level 10 of the Dungeon
 10172 | D:10     | Found Yrulif's Armour Shoppe.
 10640 | Lair:1   | Entered Level 1 of the Lair of Beasts
 10768 | Lair:1   | Reached ***** piety under Okawaru
 10854 | Lair:1   | Reached skill level 11 in Fighting
 10891 | Lair:1   | Noticed a boulder beetle
 10894 | D:8      | Received a gift from Okawaru
 11013 | D:8      | Killed a boulder beetle
 11171 | Lair:1   | Noticed Harold
 11183 | Lair:1   | Killed Harold
 11626 | Lair:1   | Received a gift from Okawaru
 11630 | Lair:1   | Gained mutation: You are frail. (-10% HP) [mutagenic glow]
 11840 | Lair:2   | Noticed a five-headed hydra
 11924 | Lair:2   | Gained mutation: You are partially covered in rugged brown
                  | scales. (AC +1, +3% HP) [demonic ancestry]
 11924 | Lair:2   | Reached XP level 13. HP: 65/99 MP: 17/17
 12165 | Lair:2   | Reached skill level 12 in Fighting
 12391 | Lair:2   | Found a staircase to the Snake Pit.
 13088 | Lair:3   | Reached ****** piety under Okawaru
 13141 | Lair:3   | Reached skill level 15 in Long Blades
 13311 | Lair:3   | Received a gift from Okawaru
 13311 | Lair:3   | Found the +7 Kryia's mail coat {PotionHeal*2 rC+}
 13341 | Lair:3   | Identified the amulet "Peckeipp" {Acrobat Rampage rN+}
 13641 | Lair:3   | Found a staircase to the Swamp.
 13735 | Lair:3   | Reached skill level 1 in Throwing
 14293 | Lair:4   | Identified a scroll of acquirement
 14294 | Lair:4   | Acquired the +2 pair of gloves "Pergh" {rF+}
 14835 | Lair:5   | Entered Level 5 of the Lair of Beasts
 14874 | Lair:5   | Reached skill level 5 in Evocations
 15112 | Lair:5   | Received a gift from Okawaru
 15140 | Lair:5   | Found a staircase to the Slime Pits.
 15154 | Lair:5   | Reached skill level 13 in Fighting
 15229 | Lair:5   | Identified the +2 quarterstaff of Zulu {protect, Fly rF++
                  | Will- Stlth+}
 15352 | Lair:5   | Gained mutation: You are mostly covered in rugged brown
                  | scales. (AC +2, +5% HP) [demonic ancestry]
 15352 | Lair:5   | Reached XP level 14. HP: 102/112 MP: 19/19
 15604 | Lair:5   | Identified the +1 ring mail of Precision Catastrophes
                  | {rElec rPois Regen+} (Okawaru gifted it to you on level 5
                  | of the Lair of Beasts)
 15604 | Lair:5   | Received a gift from Okawaru
 16867 | D:11     | Noticed Maurice
 16881 | D:11     | Killed Maurice
 17067 | D:11     | Reached skill level 10 in Invocations
 17383 | D:11     | Noticed Erica
 17389 | D:11     | Killed Erica
 18382 | D:12     | Reached skill level 14 in Fighting
 18384 | D:12     | Identified the +5 war axe of Munest {flame, *Noise rN+
                  | rCorr}
 18732 | D:12     | Found a staircase to the Orcish Mines.
 18747 | D:12     | Identified the +1 buckler of Gysmog {rElec Str+5} (Okawaru
                  | gifted it to you on level 12 of the Dungeon)
 18747 | D:12     | Received a gift from Okawaru
 19097 | D:13     | Identified the +2 leather armour of the Five Knives
                  | {Regen+}
 19377 | D:13     | Noticed Erolcha
 19387 | D:13     | Killed Erolcha
 19524 | D:13     | Gained mutation: You are completely covered in rugged brown
                  | scales. (AC +3, +7% HP) [demonic ancestry]
 19524 | D:13     | Reached XP level 15. HP: 64/122 MP: 22/22
 20100 | Orc:1    | Entered Level 1 of the Orcish Mines
 20100 | Orc:1    | Noticed Urug
 20112 | Orc:1    | Killed Urug
 20179 | Orc:1    | Noticed Snorg
 20228 | D:12     | Killed Snorg
 20322 | Orc:1    | You fall into a shaft and drop 1 floor!
 20322 | Orc:2    | Entered Level 2 of the Orcish Mines
 20837 | Orc:2    | Found a staircase to the Elven Halls.
 21118 | Orc:2    | Noticed Azrael
 21147 | Orc:2    | Killed Azrael
 21371 | Orc:2    | Identified the +1 cloak of Dogmatism {Contam Drain rPois
                  | Slay+6} (Okawaru gifted it to you on level 2 of the Orcish
                  | Mines)
 21371 | Orc:2    | Received a gift from Okawaru
 21373 | Orc:2    | Noticed an orc warlord
 21410 | Arena    | Entered the Arena
 21422 | Arena    | Killed an orc warlord
 21559 | Orc:2    | Found Tyofiro's Antique Armour Shoppe.
 21561 | Orc:2    | Found Ixesuwor's Antique Weapon Emporium.
 21649 | Orc:2    | Found Hawniu's Book Shop.
 21752 | Orc:2    | Found Goje's Assorted Antiques.
 21785 | Orc:2    | Bought a scroll labelled OTOMEADUAV for 22 gold pieces
 21785 | Orc:2    | Bought a scroll of acquirement for 1144 gold pieces
 21855 | Orc:2    | Bought a translucent plate armour for 644 gold pieces
 21855 | Orc:2    | Identified the +4 plate armour of Devotion {Dex+6} (You
                  | bought it in a shop on level 2 of the Orcish Mines)
 21951 | Orc:2    | Acquired the amulet "Gishroze" {Faith rElec Will+ Str-3
                  | Int+4}
 22661 | D:14     | Found Ulugedua's General Store.
 22669 | D:14     | Bought a scroll of identify for 30 gold pieces
 22901 | D:14     | Reached skill level 15 in Fighting
 23165 | D:14     | Reached skill level 10 in Evocations
 23707 | D:14     | Found a gate to the Vaults.
 24165 | D:15     | Entered Level 15 of the Dungeon
 24165 | D:15     | Found the +2 cloak of the Thief {*Fog Slay-2 SInv Stlth+}
 24395 | D:15     | Found an ancient bone altar of Kikubaaqudgha.
 24450 | D:15     | Identified the +0 ring mail "Wuynuf" {rF+ Str+3 Int-3}
                  | (Okawaru gifted it to you on level 15 of the Dungeon)
 24450 | D:15     | Received a gift from Okawaru
 24623 | D:15     | Found a staircase to the Depths.
 24847 | D:15     | Noticed Nessos
 24882 | D:15     | Killed Nessos
 25327 | Swamp:1  | Entered Level 1 of the Swamp
 25335 | Swamp:1  | Noticed a thorn hunter
 25349 | Swamp:1  | Killed a thorn hunter
 26261 | Swamp:1  | Reached XP level 16. HP: 132/132 MP: 23/23
 26453 | Swamp:1  | Reached skill level 10 in Dodging
 26498 | Swamp:1  | Reached skill level 16 in Fighting
 26593 | Swamp:1  | Noticed Kirke
 26604 | Swamp:1  | Noticed a sphinx
 26606 | Swamp:1  | Killed Kirke
 27337 | Swamp:1  | Lost mutation: You are frail. (-10% HP) [potion of
                  | mutation]
 27337 | Swamp:1  | Gained mutation: You are agile. (Dex +4, Str/Int -1)
                  | [potion of mutation]
 27337 | Swamp:1  | Gained mutation: You do not regenerate when monsters are
                  | visible. [potion of mutation]
 27338 | Swamp:1  | Lost mutation: You are agile. (Dex +4, Str/Int -1) [potion
                  | of mutation]
 27338 | Swamp:1  | Lost mutation: You do not regenerate when monsters are
                  | visible. [potion of mutation]
 27338 | Swamp:1  | Gained mutation: You occasionally lose the ability to read
                  | scrolls when taking damage. [potion of mutation]
 27338 | Swamp:1  | Gained mutation: Your mind is acute. (Int +4, Str/Dex -1)
                  | [potion of mutation]
 27338 | Swamp:1  | Lost mutation: You occasionally lose the ability to read
                  | scrolls when taking damage. [potion of mutation]
 27338 | Swamp:1  | Gained mutation: You expend magic power (3 MP) to
                  | strengthen your wands. [potion of mutation]
 27339 | Swamp:1  | Lost mutation: Your mind is acute. (Int +4, Str/Dex -1)
                  | [potion of mutation]
 27339 | Swamp:1  | Lost mutation: You expend magic power (3 MP) to strengthen
                  | your wands. [potion of mutation]
 27339 | Swamp:1  | Gained mutation: Your body sometimes deteriorates upon
                  | taking damage. [potion of mutation]
 27339 | Swamp:1  | Gained mutation: You expend magic power (3 MP) to
                  | strengthen your wands. [potion of mutation]
 27339 | Swamp:1  | Gained mutation: You possess an exceptional clarity of
                  | mind. [potion of mutation]
 27339 | Swamp:1  | Gained mutation: You are partially covered in large bone
                  | plates. (SH +4) [potion of mutation]
 27653 | Swamp:2  | Identified the +1 plate armour of the Abyss {rF- Will++}
                  | (Okawaru gifted it to you on level 2 of the Swamp)
 27653 | Swamp:2  | Received a gift from Okawaru
 27871 | Swamp:1  | Reached skill level 17 in Fighting
 28602 | Swamp:2  | Acquired the amulet of Etsiasm {Reflect rF+++ rC+ SH+5
                  | Stlth+}
 28734 | Swamp:2  | Identified the ring "Veifylut" {rPois rCorr Str+2}
 28752 | Swamp:2  | Identified the +1 robe of Cafuongaro {Int+3}
 29130 | Swamp:3  | Noticed Bai Suzhen
 29245 | Swamp:3  | Killed Bai Suzhen
 29553 | Swamp:3  | Reached skill level 18 in Fighting
 30110 | Swamp:3  | Noticed a thorn hunter
 30125 | Swamp:3  | Killed a thorn hunter
 30513 | Swamp:4  | Entered Level 4 of the Swamp
 31525 | Swamp:4  | Received a gift from Okawaru
 31526 | Swamp:4  | Reached skill level 19 in Fighting
 32204 | Swamp:4  | Reached XP level 17. HP: 112/163 MP: 24/24
 32415 | Swamp:4  | Got a decaying rune of Zot
 32510 | Swamp:4  | Identified the +6 falchion "Dihod" {drain, rPois rF+ Dex+4}
                  | (Okawaru gifted it to you on level 4 of the Swamp)
 32510 | Swamp:4  | Received a gift from Okawaru
 32915 | Snake:1  | Entered Level 1 of the Snake Pit
 33615 | Snake:1  | Reached skill level 20 in Fighting
 33885 | Snake:1  | Identified the +7 great sword "Hiwk" {spect, rC+ Int+4}
                  | (Okawaru gifted it to you on level 1 of the Snake Pit)
 33885 | Snake:1  | Received a gift from Okawaru
 34239 | Snake:1  | Identified the +3 leather armour of the Evening {Str+2}
 34966 | Snake:1  | Learned a level 2 spell: Poisonous Vapours
 35118 | Snake:2  | Reached skill level 1 in Air Magic
 35144 | Snake:2  | Identified the +6 crystal plate armour "Nuiviukk" {rF+
                  | Stlth+} (Okawaru gifted it to you on level 2 of the Snake
                  | Pit)
 35144 | Snake:2  | Received a gift from Okawaru
 35905 | Snake:2  | Found a snail-covered altar of Cheibriados.
 36441 | Snake:2  | Found a gateway to a bazaar.
 36596 | Bazaar   | Entered a bazaar
 36596 | Bazaar   | Found Qaosazos's Armour Shoppe.
 36596 | Bazaar   | Found Rynuamirph's Antique Weapon Shoppe.
 36596 | Bazaar   | Found Atifra's Book Emporium.
 36596 | Bazaar   | Found Cielirph's Book Shoppe.
 36614 | Bazaar   | Bought the +2 Maxwell's thermic engine {flame, freeze} for
                  | 660 gold pieces
 36614 | Bazaar   | Found the +2 Maxwell's thermic engine {flame, freeze}
 37727 | Snake:3  | Received a gift from Okawaru
 37728 | Snake:3  | Reached XP level 18. HP: 67/175 MP: 25/25
 38080 | Snake:3  | Reached skill level 21 in Fighting
 38080 | Snake:3  | Reached skill level 5 in Armour
 38595 | Snake:4  | Entered Level 4 of the Snake Pit
 39862 | Snake:4  | Identified the +1 pair of boots "Dieleyqu" {rF++ rC-
                  | Will+++ Regen+ Dex+3} (Okawaru gifted it to you on level 4
                  | of the Snake Pit)
 39862 | Snake:4  | Received a gift from Okawaru
 40353 | Snake:4  | Got a serpentine rune of Zot
 40747 | Vaults:1 | Entered Level 1 of the Vaults
 41656 | Vaults:1 | Received a gift from Okawaru
 42077 | Vaults:2 | Gained mutation: A weak demonic guardian rushes to your
                  | aid. [demonic ancestry]
 42077 | Vaults:2 | Reached XP level 19. HP: 181/185 MP: 26/26
 42429 | Vaults:2 | Reached skill level 10 in Shields
 42430 | Vaults:2 | Identified the +9 scimitar of the Mind {chaos, Int+4}
                  | (Okawaru gifted it to you on level 2 of the Vaults)
 42430 | Vaults:2 | Received a gift from Okawaru
 42951 | Vaults:2 | Found Ruol's Antique Armour Shop.
 43450 | Vaults:2 | You fall into a shaft and drop 1 floor!
 43613 | Vaults:3 | Identified the +1 ring mail of Duck's Teeth {Str+2 SInv}
                  | (Okawaru gifted it to you on level 3 of the Vaults)
 43613 | Vaults:3 | Received a gift from Okawaru
 43795 | Vaults:3 | Noticed Margery
 44044 | Vaults:3 | Killed Margery
 44682 | Vaults:3 | Found a staircase to the Crypt.
 44682 | Vaults:3 | Found an ancient bone altar of Kikubaaqudgha.
 44682 | Vaults:3 | Found a basalt altar of Yredelemnul.
 44739 | Vaults:3 | Received a gift from Okawaru
 45007 | Vaults:4 | Gained mutation: A demonic guardian rushes to your aid.
                  | [demonic ancestry]
 45007 | Vaults:4 | Reached XP level 20. HP: 149/194 MP: 27/27
 45078 | Vaults:4 | Received a gift from Okawaru
 45327 | Vaults:4 | Reached skill level 22 in Fighting
 46573 | Elf:1    | Entered Level 1 of the Elven Halls
 46585 | Elf:1    | Identified the +0 tower shield of Suemej {Str+3} (Okawaru
                  | gifted it to you on level 1 of the Elven Halls)
 46585 | Elf:1    | Received a gift from Okawaru
 46854 | Elf:1    | Paralysed by an air elemental for 1 turns
 46924 | Elf:1    | Identified the +8 chain mail of Compression {Str-3 Int+3
                  | Stlth+}
 46993 | Elf:1    | Found a runed translucent gate.
 46993 | Elf:1    | Found a runed translucent gate.
 46993 | Elf:1    | Found a runed translucent gate.
 46993 | Elf:1    | Found a runed translucent gate.
 46993 | Elf:1    | Found a runed translucent gate.
 46995 | Elf:1    | Found a runed translucent gate.
 47530 | Elf:2    | Found Ocso Coe's General Store.
 47532 | Elf:2    | Found a portal to a secret trove of treasure.
 48040 | Elf:2    | Found a huge runed translucent gate.
 48040 | Elf:2    | Found a huge runed translucent gate.
 48040 | Elf:2    | Found a huge runed translucent gate.
 48040 | Elf:2    | Found a huge runed translucent gate.
 48040 | Elf:2    | Found a huge runed translucent gate.
 48844 | Elf:2    | Gained mutation: Your magical and physical power is
                  | slightly enhanced at high health. [demonic ancestry]
 48844 | Elf:2    | Reached XP level 21. HP: 203/203 MP: 28/28
 49292 | Elf:1    | Received a gift from Okawaru
 49601 | Depths:1 | Entered Level 1 of the Depths
 49601 | Depths:1 | You fall into a shaft and drop 1 floor!
 49774 | Depths:2 | Received a gift from Okawaru
 50045 | Depths:2 | Reached skill level 10 in Armour
 50216 | Depths:2 | Identified the +1 robe of Nunetz {Drain rC+ Regen+ Str+4}
 50466 | Depths:2 | Identified the +9 shadow dragon scales of Okawaru's Delight
                  | {rElec rC+ Dex-3 Stlth++++} (Okawaru gifted it to you on
                  | level 2 of the Depths)
 50466 | Depths:2 | Received a gift from Okawaru
 50523 | Depths:2 | Found a gateway to Hell.
 50674 | Depths:2 | Found a one-way gate leading to the halls of Pandemonium.
 50816 | Depths:3 | Noticed Louise
 50847 | Depths:3 | Killed Louise
 50847 | Depths:3 | Paralysed by a floating eye for 4 turns
 50866 | Depths:3 | Paralysed by a floating eye for 3 turns
 50886 | Depths:3 | Paralysed by a floating eye for 4 turns
 51002 | Depths:3 | Paralysed by a floating eye for 4 turns
 51055 | Depths:3 | Found a one-way gate to the infinite horrors of the Abyss.
 51093 | Depths:3 | Found a magical portal.
 51098 | WizLab   | Entered Doroklohe's Tomb
 51182 | WizLab   | Identified the +7 glaive of Responsibility {flame, rF+++
                  | Str+3}
 51182 | WizLab   | Noticed a royal mummy
 51205 | WizLab   | Killed a royal mummy
 51469 | WizLab   | Got the Omnibus of Chilling Enchantment
 52233 | Depths:4 | Entered Level 4 of the Depths
 52286 | Depths:3 | Received a gift from Okawaru
 52436 | Depths:4 | Identified the +0 pair of gloves "Derghaaj" {Harm rF+ Dex+3
                  | SInv} (Okawaru gifted it to you on level 4 of the Depths)
 52436 | Depths:4 | Received a gift from Okawaru
 52479 | Depths:3 | Slain by a deep troll

Illustrated notes

Levels and vault maps discovered:
D:1:      minmay_arrival_shoal_huts, layout_loops_cross,
          chequers_serial_rivers_room_b
D:2:      layout_loops_cross, hellmonk_ecumenical_altar_zigzags,
          minmay_misc_feat_diagonals
D:3:      wad_lake_hut, layout_loops_ring, zin_academy, uniq_jessica
D:4:      layout_basic, lemuel_round_altar, mainiacjoe_overflow_small_starburst,
          minmay_temple_entry_fiery, minmay_misc_feat_roman, st_stairs_2,
          minmay_shop_mayhem, minivault_1, uniq_duvessa, uniq_ijyb
D:5:      old_forge, layout_loops_cross, trog_wizard,
          nicolae_overflow_hidden_temple, kennysheep_little_box, uniq_pikel
D:6:      layout_rooms, kennysheep_mini, kennysheep_generic_room_15,
          uniq_crazy_yiuf_cottage
D:7:      layout_loops_corners, grunt_temple_overflow_opulence,
          lemuel_tele_altar, lemuel_doored_altar, uniq_menkaure
D:8:      layout_cave_pools, chequers_temple_overflow_minitemple,
          minmay_lair_entry_grove, enter_bailey_7, serial_shops, shop_fountains
D:9:      layout_roguey, uniq_grum
D:10:     layout_rooms, serial_shops, nicolae_shop_stone
D:11:     layout_long_grid, minivault_5, fountainhead, uniq_erica, uniq_maurice
D:12:     layout_loops_corners, erik_orc_1, minivault_21
D:13:     minmay_triangles_in_corner, layout_irregular_city, uniq_erolcha
D:14:     layout_grid_maze, grunt_vaults_entry_fortified, serial_shops, shop
D:15:     hangedman_depths_entry_civil_slaughter, layout_rooms, nicolae_titane,
          kiku_gazebo_pond_becter, uniq_nessos
Temple:   hellmonk_temple_micro_hex
Lair:1:   layout_regular_city, beast_lair_carwin_1, uniq_harold
Lair:2:   nzn_winding_woodlands_small [nzn_winding_woodlands_5x15_longhouse,
          nzn_winding_woodlands_center_triple_pond,
          nzn_winding_woodlands_5x15_pool], layout_regular_city,
          minmay_snake_entry_guardpost_small, serial_bayou_shore_a,
          grunt_megastairs_5
Lair:3:   layout_cave_pods, minmay_swamp_entry_reptiles,
          grunt_forest_large_clearings
Lair:4:   layout_regular_city
Lair:5:   minmay_lair_end_enchanted_forest, layout_long_grid, slime_entry_1,
          nicolae_lair_run_with_the_wolves
Swamp:1:  layout_basic_swamp, evilmike_swamp_ruin_house_4,
          nicolae_swamp_triple_paths, swamp_pool1, uniq_kirke
Swamp:2:  layout_basic_swamp, evilmike_swamp_ruin_rubble_2
Swamp:3:  layout_falls_marsh, serial_swamp_ruin, evilmike_swamp_ruin_house_5,
          hangedman_swamp_ruin_hall, evilmike_swamp_ruin_house_6, swamp_pool2,
          uniq_bai_suzhen
Swamp:4:  swamp, layout_basic_swamp, swamp_pool5, nicolae_swamp_stuck_in_the_mud
Snake:1:  layout_cave_shapes
Snake:2:  layout_chambers, basic_altar, serial_shops, bzr_entry_customers
Snake:3:  layout_honeycomb, grunt_ministairs_15
Snake:4:  snake_pit, layout_basic, drop_trap
Orc:1:    layout_diamond_mine, uniq_snorg, uniq_urug
Orc:2:    grunt_orc_community_town_hall, layout_caves,
          grunt_orc_community_big_house_1, grunt_orc_community_big_house_2,
          grunt_orc_community_house_3, grunt_orc_community_house_3,
          grunt_orc_community_house_3, grunt_orc_community_house_1,
          grunt_orc_community_house_2, grunt_orc_community_house_1,
          mines5_lemuel, uniq_azrael
Elf:1:    layout_gridlike, orc_legates
Elf:2:    elven_hall_of_blades_hangedman_alternative
          [nicolae_blade_entry_area_security], layout_geoelf_grid,
          nicolae_trove_entry_isolated, serial_shops, shop
Vaults:1: v_misc_16, hangedman_vaults_slice, hangedman_vaults_cutoff,
          nicolae_vaults_circle_grid_b, hangedman_vaults_slice,
          dpeg_vaults_monster_box, ontoclasm_vaults_twist,
          nicolae_vaults_mini_display_case, nicolae_vaults_border_crossing,
          layout_vaults_big_room
Vaults:2: vaults_room_ringed_pool, vaults_mumra_hexcomb,
          nicolae_vaults_big_angled_halls, v_misc_31, vaults_room_door_hall,
          ontoclasm_vaults_gateway, nicolae_vaults_three_branches, st_diamondy,
          layout_vaults_omnigrid, serial_shops, nicolae_shop_behind_doors
Vaults:3: nicolae_vaults_back_hallway, v_misc_1,
          nicolae_vaults_ring_of_whatevers, minmay_crypt_entry_necro_gods,
          grunt_vaults_focal, nicolae_vaults_ninety_degrees,
          ontoclasm_vaults_eye, grunt_vaults_diagonal,
          nicolae_vaults_little_squares_2, st_cross, v_misc_12,
          vaults_room_grunt_arrival_checkpoint, vaults_standard_mumra_lines,
          vaults_mumra_chevron, layout_vaults_omnibox, uniq_margery
Vaults:4: ontoclasm_vaults_bender, vaults_mumra_chevron_long, v_rooms_5,
          nicolae_vaults_network_square, v_pattern_1,
          nicolae_vaults_shelves_hall, hangedman_vaults_maws,
          hangedman_vaults_snaps, nicolae_vaults_windows_and_doors_thing,
          vaults_dpeg_encased_lava, nicolae_vaults_quartermaster,
          layout_vaults_omnicross
Depths:1: layout_cross, minmay_strange_pillars, pf_dread_powers_of_hell,
          elyvilon_altar_3
Depths:2: minmay_glassy_protrusions, layout_cave_shapes, rand_demon_pan_entry_4,
          nicolae_lava_and_water, hell_entry, st_stairs_3,
          hangedman_decor_riveting, minmay_staircase_statues_hall_small
Depths:3: hangedman_elemental_death_ray, layout_cave_pools,
          pf_hell_entry_tar_spiral, mu_enter_wizlab_2,
          nicolae_abyss_entry_one_way_or_another, serial_bayou_pond_c,
          infiniplex_staircase_pillars_2
Depths:4: grunt_x_marks_the_spot, layout_basic, enter_ziggurat_e,
          grunt_dithmenos_smoke_and_mirrors, marbit_kobold_abyss_entry,
          hell_entry

Skill      XL: |  1  2  3  4  5  6  7  8  9 10 11 12 13 14 15 16 17 18 19 20 21 |
---------------+----------------------------------------------------------------+-----
Long Blades    | 2 3 4 5 6 8 11 14 15 16 17 18 19 | 19.2
Shields        | 3 4 5 6 7 8 9 10 12 14 | 14.0
Armour         | 3 4 6 8 9 10 | 10.8
Dodging        | 1 2 3 4 5 6 7 9 10 11 12 13 | 13.9
Fighting       | 4 5 7 9 11 13 14 15 19 20 21 22 | 22.8
Invocations    | 5 7 10 | 10.0
Evocations     | 4 5 8 10 | 10.0
Throwing       | 3 4 |  4.0
Air Magic      | 4 |  4.0

Action                   |  1- 3 |  4- 6 |  7- 9 | 10-12 | 13-15 | 16-18 | 19-21 || total
-------------------------+-------+-------+-------+-------+-------+-------+-------++-------
Melee: Long sword        |   108 |   124 |   305 |   507 |       |       |       ||  1044
       Demon blade       |       |       |       |    17 |  1971 |   856 |       ||  2844
       Triple sword      |       |       |       |       |    57 |   174 |       ||   231
       Double sword      |       |       |       |       |       |   564 |  1605 ||  2169
Throw: Dart              |       |     2 |       |    16 |       |       |       ||    18
Invok: Heroism           |       |       |       |       |     1 |     1 |     3 ||     5
       Finesse           |       |       |       |       |     1 |     1 |     3 ||     5
       Duel              |       |       |       |       |     1 |       |       ||     1
Evoke: Wand              |       |       |       |     5 |       |       |     7 ||    12
  Use: Scroll            |       |     4 |    12 |     5 |    13 |     9 |     6 ||    49
       Potion            |       |     1 |     1 |     1 |     2 |     8 |     9 ||    22
 Stab: Sleeping          |       |       |       |     1 |       |       |       ||     1
       Distracted        |       |       |       |       |     1 |     1 |     2 ||     4
       Confused          |       |       |       |       |     2 |       |       ||     2
       Invisible         |       |       |       |       |       |       |     1 ||     1
Armor: Scale mail        |    34 |    39 |       |       |   570 |   334 |       ||   977
       Plate armour      |       |    17 |       |       |       |       |       ||    17
       Leather armour    |       |       |   110 |   128 |    43 |       |       ||   281
       Skin              |       |       |       |     1 |       |       |       ||     1
       Crystal plate arm |       |       |       |       |       |   225 |   547 ||   772
Dodge: Dodged            |    49 |    42 |   181 |   398 |  1114 |   731 |   437 ||  2952
Block: Buckler           |    53 |    60 |   145 |   268 |   846 |  1159 |   792 ||  3323
       Other             |       |       |       |       |    17 |   171 |       ||   188
       Reflection        |       |       |       |       |       |   108 |    63 ||   171
       Tower shield      |       |       |       |       |       |       |   803 ||   803
